 Dungeon Crawl Stone Soup version 0.31.0-11-ge490571c62 (webtiles) character file.

Game seed: 6903752116673552561

46 qw the Shooter (level 3, -5/20 HPs)
             Began as a Deep Elf Hunter on Feb 3, 2024.
             Slain by a gnoll
             ... wielding a +0 halberd
              (11 damage)
             ... on level 2 of the Dungeon.
             The game lasted 00:00:04 (1103 turns).

qw the Shooter (Deep Elf Hunter)                    Turns: 1103, Time: 00:00:04

Health: -5/20      AC:  8    Str: 10    XL:     3   Next: 46%
Magic:  5/5        EV: 11    Int: 13    God:
Gold:   62         SH:  0    Dex: 18    Spells: 2/2 levels left

rFire   . . .        a - +1 shortbow
rCold   . . .        (shield currently unavailable)
rNeg    . . .        n - +0 ring mail
rPois   .            e - +1 helmet
rElec   .            (no cloak)
rCorr   .            (no gloves)
SInv    +            j - +0 pair of boots
Will    .....        (no amulet)
Stlth   +            i - ring of see invisible
HPRegen 0.23/turn    (no ring)
MPRegen 0.09/turn

%: no passive effects
@: no status effects
A: no striking features
a: no special abilities


You were on level 2 of the Dungeon.
You visited 1 branch of the dungeon, and saw 2 of its levels.

You collected 62 gold pieces.


   Skills:
 - Level 1.5 Fighting
 + Level 7.0 Ranged Weapons
 - Level 2.4 Dodging
 - Level 1.2 Stealth


You had 2 spell levels left.
You didn't know any spells.
Your spell library was empty.

Inventory:

Hand Weapons
 a - a +1 shortbow (weapon)
Armour
 e - a +1 helmet (worn)
 j - a +0 pair of boots (worn)
 n - a +0 ring mail (worn)
Jewellery
 i - a ring of see invisible (left hand)
Scrolls
 c - a scroll of teleportation
Potions
 b - 2 potions of mutation {unknown}
 d - 3 potions of curing {unknown}
 k - a potion of cancellation {unknown}

Dungeon Overview and Level Annotations

Branches:
Dungeon (2/15)

Altars:


Message History

You shoot an arrow. The arrow hits the endoplasm.
The endoplasm quivers.
The endoplasm is moderately wounded.
You shoot an arrow. The arrow hits the endoplasm!
You kill the endoplasm! 2 gnolls come into view.
You shoot an arrow. The arrow hits the gnoll.
The gnoll is lightly wounded.
The gnoll shouts!
A gnoll comes into view. It is wielding a +0 halberd.
Enter note:
Enter note: You shoot an arrow.
The arrow completely misses the gnoll.
The gnoll shouts!
You shoot an arrow. The arrow hits the gnoll.
The gnoll is lightly wounded.
You shoot an arrow. The arrow barely misses the gnoll.
You shoot an arrow. The arrow hits the gnoll!
The gnoll is severely wounded.
The gnoll completely misses you.
You shoot an arrow. The arrow closely misses the gnoll.
The arrow hits the gnoll!
The gnoll is heavily wounded.
The gnoll hits you from afar with a +0 spear.
You shoot an arrow. The arrow hits the gnoll!
You kill the gnoll!
The gnoll hits you from afar with a +0 halberd!
Your Ranged Weapons skill increases to level 7!
You shoot an arrow. The arrow barely misses the gnoll.
The gnoll barely misses you. x2
The gnoll hits you from afar with a +0 halberd.
The gnoll hits you but does no damage.
You shoot an arrow. The arrow closely misses the gnoll.
The gnoll barely misses you. x2
You shoot an arrow. The arrow hits the gnoll.
The gnoll is lightly wounded.
The gnoll hits you with a +0 club.
The gnoll hits you from afar with a +0 halberd!
Ouch! That really hurt!
You die...

#.......#....###....#
#....>...............
#......##....###....#
#......##....########
##########.....#
#.....# #.....#
#.....# #.@...#
#.g...# #.)g..#
........ ..........#
#..........#
#..........#
#..........#


You could see 2 gnolls.

Vanquished Creatures
  A gnoll (D:2)
  An adder (D:2)
  4 ball pythons
  4 endoplasms
  3 hobgoblins (D:1)
  3 quokkas (D:1)
  2 bats (D:1)
  4 frilled lizards
  4 kobolds
  A rat (D:1)
27 creatures vanquished.

Notes
Turn   | Place    | Note
-------+----------+-------------------------------------------
     0 | D:1      | qw the Deep Elf Hunter began the quest for the Orb.
     0 | D:1      | Reached XP level 1. HP: 12/12 MP: 3/3
     0 | D:1      | 0 ||| qw: Version: 0.3-a-157-g843a77d
     0 | D:1      | 0 ||| qw: Game counter: 3825
     0 | D:1      | 0 ||| qw: Melee chars always use a shield: true
     0 | D:1      | 0 ||| qw: God list: Okawaru
     0 | D:1      | 0 ||| qw: Allow faded altars: false
     0 | D:1      | 0 ||| qw: Do Orc after clearing Dungeon:15 true
     0 | D:1      | 0 ||| qw: Do second Lair branch before Depths: true
     0 | D:1      | 0 ||| qw: Lair rune preference: random
     0 | D:1      | 0 ||| qw: Goals: Normal
     0 | D:1      | 0 ||| PLANNING D:1-11
   125 | D:1      | Found a faded altar of an unknown god.
   388 | D:1      | Reached XP level 2. HP: 16/16 MP: 4/4
   390 | D:1      | Reached skill level 6 in Ranged Weapons
   902 | D:1      | 902 ||| UPGRADING to +0 helmet.
   907 | D:1      | 907 ||| UPGRADING to +0 pair of boots.
   912 | D:1      | 912 ||| UPGRADING to +0 ring mail.
   922 | D:1      | 922 ||| DROPPING +0 leather armour.
   923 | D:1      | 923 ||| DROPPING ring of magical power.
   924 | D:1      | 924 ||| UPGRADING to ring of see invisible.
   925 | D:1      | 925 ||| READING scroll labelled PEMUYB TELUAMUT.
   928 | D:1      | 928 ||| READING scroll labelled IDEUTA NOOCSA.
   928 | D:1      | 928 ||| ENCHANTING +0 shortbow.
   929 | D:1      | 929 ||| READING scroll labelled JOAM GYHEWASS.
   930 | D:1      | 930 ||| READING scroll labelled RUVORAD DIGGIASCH.
   930 | D:1      | 930 ||| ENCHANTING +0 helmet.
   931 | D:1      | 931 ||| READING scroll labelled EPHI PIPOOPUOR.
   932 | D:1      | 932 ||| DROPPING scroll of butterflies.
  1016 | D:2      | Reached XP level 3. HP: 20/20 MP: 5/5
  1101 | D:2      | Reached skill level 7 in Ranged Weapons
  1103 | D:2      | Slain by a gnoll

Levels and vault maps discovered:
D:1:      dpeg_arrival_simpleton_b, layout_loops_corners,
          shapermc_ecumenical_altar_flowoftime
D:2:      layout_basic

Skill      XL: |  1  2  3 |
---------------+----------+-----
Ranged Weapons | 6 7 |  7.0
Fighting       | |  1.5
Dodging        | |  2.4
Stealth        | |  1.2

Action                     || total
---------------------------++-------
   Fire: Shortbow          ||    64
    Use: Scroll            ||     5
 Armour: Leather armour    ||     4
         Ring mail         ||     6
  Dodge: Dodged            ||     9

Table legend:
 A = Non-vault XP
 B = Vault XP
 C = Vault XP percentage of total XP
 D = Non-vault monster count
 E = Vault monster count
 F = Vault count percentage of total count
                 A         B        C        D         E       F
            +---------+---------+-------+---------+---------+-------
      Total |      67 |       0 |   0.0 |      27 |       0 |   0.0
            +---------+---------+-------+---------+---------+-------
        D:1 |      32 |       0 |   0.0 |      21 |       0 |   0.0
        D:2 |      35 |       0 |   0.0 |       6 |       0 |   0.0
            +---------+---------+-------+---------+---------+-------
